Penguins vs Islanders

Created - April 29, 2023 at 21:49

Goals
1 2 3 OT1 T
Penguins 0 1 2 1 4
Islanders 0 2 1 0 3
Shots
1 2 3 OT1 T
Penguins 13 8 13 2 36
Islanders 2 15 11 1 29

1st period

No Goal

Penalties :
Rick Nash (NyI) for Holding Stick (Minor) at 2:25, Michael Latta (NyI) for Hooking (Minor) at 5:54, Craig Smith (NyI) for Holding (Minor) at 9:56

2nd period

1. Islanders , Craig Smith 9 (Melker Karlsson 21) at 12:52
2. Islanders , Kellan Lain 18 (Vladimir Tarasenko 41, Frans Nielsen 42) at 13:16 (PP)
3. Penguins , Derek Stepan 27 (Marcus Foligno 23, Danny DeKeiser 29) at 18:45 (PP)

Penalties :
Danny DeKeiser (Pit) for Interference (Minor) at 10:38, Anze Kopitar (Pit) for Interference (Minor) at 13:03, Craig Smith (NyI) for Holding (Minor) at 14:42, Rick Nash (NyI) for Interference (Minor) at 16:58, Ryan Ellis (NyI) for Hooking (Minor) at 18:11

3rd period

4. Penguins , Marcus Johansson 30 (Marcus Foligno 24, Anze Kopitar 46) at 3:54
5. Islanders , Rick Nash 16 (Wes O'Neill 17, Michael Latta 16) at 6:13
6. Penguins , Brendan Gallagher 26 (Anze Kopitar 47) at 15:52 (PP)

Penalties :
Kellan Lain (NyI) for Interference (Minor) at 15:46

Overtime #1

7. Penguins , Brendan Gallagher 27 (Anze Kopitar 48) at 1:54 (PP)

Penalties :
Ryan Ellis (NyI) for Holding (Minor) at 1:52

Goalie Stats

Andrei Vasilevskiy (Pit), 26 saves from 29 shots - (0.897), W, 22-17-7, 61:54 minutes
Marc-André Fleury (NyI), 32 saves from 36 shots - (0.889), OTL, 18-15-6, 61:54 minutes

Players Stats for Penguins

Player Name              G  A  P  +/- PIM S  H  SB GA TA FO     MP     PP MP  PK MP  
------------------------------------------------------------------------------------
Anze Kopitar             0  3  3   0  2   3  4  1  1  0  22/35  23:54   6:13   1:02 
Ben Lovejoy              0  0  0  -1  0   0  1  0  0  0  0/0    12:07   0:00   0:56 
Brandon Tanev            0  0  0  -1  0   0  2  0  0  0  0/1    11:52   0:00   0:00 
Brendan Gallagher        2  0  2  -1  0   5  0  2  4  1  0/1    19:37   6:00   0:00 
Cal Clutterbuck          0  0  0   0  0   4  1  0  0  0  0/1     9:30   0:23   1:11 
Danny DeKeiser           0  1  1   0  2   3  3  0  0  0  0/0    26:26   6:34   0:13 
Derek Stepan             1  0  1  -1  0   2  1  0  1  0  0/8    18:05   5:01   0:39 
JT Compher               0  0  0   0  0   2  0  0  0  0  0/0    11:52   0:00   0:00 
Justin Schultz           0  0  0   0  0   0  3  1  1  0  0/0    23:33   4:40   1:03 
Keith Aulie              0  0  0   0  0   2  0  0  0  2  0/0    27:53   6:34   1:52 
Marcus Foligno           0  2  2   0  0   4  2  0  0  0  2/2    20:36   4:51   0:31 
Marcus Johansson         1  0  1   0  0   4  0  0  1  0  2/3    23:25   6:23   0:30 
Max Reinhart             0  0  0   0  0   2  0  0  0  0  6/10   12:05   0:00   0:31 
Nick Leddy               0  0  0  -1  0   0  0  1  0  1  0/0    11:11   0:00   0:00 
Oscar Klefbom            0  0  0   0  0   1  1  0  0  0  0/0    22:50   4:40   0:20 
Pavel Zacha              0  0  0   0  0   0  1  0  0  0  0/0     7:08   0:00   0:00 
Sebastian Aho            0  0  0   0  0   2  0  0  0  0  1/1     6:59   0:00   0:00 
Timo Meier               0  0  0   0  0   2  1  0  0  0  0/0    16:19   4:51   0:00 

Players Stats for Islanders

Player Name              G  A  P  +/- PIM S  H  SB GA TA FO     MP     PP MP  PK MP  
------------------------------------------------------------------------------------
Andrew Shaw              0  0  0   0  0   0  1  0  0  0  0/0     4:26   0:00   0:00 
Brayden McNabb           0  0  0   0  0   0  0  0  0  0  0/0    12:59   0:00   1:25 
Brock McGinn             0  0  0   1  0   5  2  1  0  0  0/1    15:43   0:00   1:56 
Craig Smith              1  0  1   1  4   2  1  0  0  1  0/1    12:24   0:00   0:00 
Dylan McIlrath           0  0  0   0  0   0  0  0  0  0  0/0     1:15   0:00   0:00 
Emerson Etem             0  0  0   0  0   0  2  0  0  0  0/1     8:56   0:00   2:58 
Frans Nielsen            0  1  1   0  0   4  4  0  0  0  11/25  19:23   1:14   3:36 
Justin Falk              0  0  0   0  0   0  1  1  0  1  0/0    11:03   0:00   0:00 
Kellan Lain              1  0  1   0  2   4  2  0  0  2  0/0    18:28   1:14   3:06 
Melker Karlsson          0  1  1   1  0   2  3  0  0  0  3/5    14:02   0:00   0:07 
Michael Latta            0  1  1   0  2   1  2  2  0  0  6/9    15:45   0:58   0:00 
Nikita Zadorov           0  0  0   2  0   2  2  1  0  0  0/0    22:14   0:38   4:46 
Rick Nash                1  0  1   0  4   2  1  0  1  0  0/1    21:10   0:58   4:06 
Ryan Ellis               0  0  0  -1  4   1  1  0  1  0  0/0    26:51   1:34   5:03 
Sergei Plotnikov         0  0  0   0  0   1  1  0  0  0  1/1    15:05   0:58   0:00 
Vladimir Tarasenko       0  1  1   0  0   1  3  0  2  0  8/18   26:19   1:14   6:06 
Wes O'Neill              0  1  1   2  0   2  1  2  0  2  0/0    22:14   0:38   4:46 
Yann Sauvé               0  0  0  -1  0   2  1  2  0  2  0/0    27:22   1:34   6:29 

3 Stars

1 - Brendan Gallagher (Pit)
2 - Anze Kopitar (Pit)
3 - Marcus Foligno (Pit)

Power Play

Penguins - 3 on 8 Attempt(s) - 37.50%
Islanders - 1 on 2 Attempt(s) - 50.00%

Penalty Kill

Penguins - 1 on 2 Attempt(s) - 50.00% - Score 0 goal in Penalty Kill
Islanders - 5 on 8 Attempt(s) - 62.50% - Score 0 goal in Penalty Kill

Team Stat

Penguins - Hits : 20 - Faceoff Wins : 33 - Blocked Shots : 5 - Penalty Minutes : 4
Islanders - Hits : 28 - Faceoff Wins : 29 - Blocked Shots : 9 - Penalty Minutes : 16

Official

Referees : Tim Peel and Kyle Rehman
Linesman : Kiel Murchison and Brian Mach

Game Notes

No Game Note

Finance

Level 1 -- Attendance: 5918 (98.63%) -- Ticket Income $591,800
Level 2 -- Attendance: 5000 (100.00%) -- Ticket Income $300,000
Level 3 -- Attendance: 2000 (100.00%) -- Ticket Income $70,000
Level 4 -- Attendance: 3636 (90.90%) -- Ticket Income $90,900
Luxury Box -- Attendance: 995 (99.50%) -- Ticket Income $199,000
Game was played at the Nassau Coliseum.
Total Attendance: 17549 (97.49%)
Total Ticket Income: $1,251,700
Other Income: $187,755
Total Income: $1,439,455

Penguins

5 vs 5 Forward 
   Center                   Left Wing                Right Wing               Time % Phy DF OF 
 1 Anze Kopitar             Marcus Johansson         Marcus Foligno           40     1   2  2  
 2 Derek Stepan             Brandon Tanev            Brendan Gallagher        30     1   2  2  
 3 Max Reinhart             Timo Meier               JT Compher               20     1   2  2  
 4 Sebastian Aho            Pavel Zacha              Cal Clutterbuck          10     1   2  2  

5 vs 5 Defense 
   Defense                  Defense                                           Time % Phy DF OF 
 1 Danny DeKeiser           Keith Aulie                                       40     1   2  2  
 2 Oscar Klefbom            Justin Schultz                                    30     1   2  2  
 3 Nick Leddy               Ben Lovejoy                                       20     1   2  2  
 4 Danny DeKeiser           Keith Aulie                                       10     1   2  2  

PowerPlay Forward 
   Center                   Left Wing                Right Wing               Time % Phy DF OF 
 1 Anze Kopitar             Marcus Johansson         Brendan Gallagher        60     1   2  2  
 2 Derek Stepan             Timo Meier               Marcus Foligno           40     1   2  2  

PowerPlay Defense
   Defense                  Defense                                           Time % Phy DF OF 
 1 Danny DeKeiser           Keith Aulie                                       60     1   2  2  
 2 Oscar Klefbom            Justin Schultz                                    40     1   2  2  

Penalty Kill 4 Players Forward 
   Center                   Wing                     Time % Phy DF OF 
 1 Anze Kopitar             Cal Clutterbuck          60     1   2  2  
 2 Max Reinhart             Marcus Foligno           40     1   2  2  

Penalty Kill 4 Players Defense
   Defense                  Defense                  Time % Phy DF OF 
 1 Danny DeKeiser           Keith Aulie              60     1   2  2  
 2 Oscar Klefbom            Justin Schultz           40     1   2  2  

Penalty Kill - 3 Players Forward 
   Forward                                           Time % Phy DF OF 
 1 Cal Clutterbuck                                   60     1   2  2  
 2 Max Reinhart                                      40     1   2  2  

Penalty Kill - 3 Players Defense
   Defense                  Defense                  Time % Phy DF OF 
 1 Danny DeKeiser           Keith Aulie              60     1   2  2  
 2 Oscar Klefbom            Justin Schultz           40     1   2  2  

4 vs 4 Forward 
   Center                   Wing                     Time % Phy DF OF 
 1 Anze Kopitar             Brendan Gallagher        60     1   2  2  
 2 Derek Stepan             Marcus Johansson         40     1   2  2  

4 vs 4 Defense
   Defense                  Defense                  Time % Phy DF OF 
 1 Danny DeKeiser           Keith Aulie              60     1   2  2  
 2 Oscar Klefbom            Justin Schultz           40     1   2  2  

Last Minutes Offensive
   Center                   Left Wing                Right Wing               Defense                  Defense                  
   Anze Kopitar             Timo Meier               Brendan Gallagher        Danny DeKeiser           Keith Aulie              

Last Minutes Defensive
   Center                   Left Wing                Right Wing               Defense                  Defense                  
   Max Reinhart             Brandon Tanev            Cal Clutterbuck          Danny DeKeiser           Keith Aulie              

Goaltenders
Starting : Andrei Vasilevskiy       
Backup : Jonathan Quick           

Extra Forwards
Normal : Brendan Gallagher, Marcus Johansson, Cal Clutterbuck - PP : Brendan Gallagher, Marcus Johansson - PK : Anze Kopitar
Extra Defensemen
Normal : Danny DeKeiser, Justin Schultz, Ben Lovejoy - PP : Nick Leddy - PK : Danny DeKeiser, Justin Schultz
Penalty Shots
Anze Kopitar, Derek Stepan, Brendan Gallagher, Marcus Johansson, Timo Meier

Scratches
Paul Stastny (Healthy), Vladimir Mihalik (Healthy)

Islanders

5 vs 5 Forward 
   Center                   Left Wing                Right Wing               Time % Phy DF OF 
 1 Frans Nielsen            Kellan Lain              Vladimir Tarasenko       40     1   2  2  
 2 Michael Latta            Sergei Plotnikov         Rick Nash                30     1   2  2  
 3 Melker Karlsson          Brock McGinn             Craig Smith              20     1   2  2  
 4 Vladimir Tarasenko       Emerson Etem             Andrew Shaw              10     1   2  2  

5 vs 5 Defense 
   Defense                  Defense                                           Time % Phy DF OF 
 1 Ryan Ellis               Yann Sauvé                                        40     1   2  2  
 2 Wes O'Neill              Nikita Zadorov                                    30     1   2  2  
 3 Justin Falk              Brayden McNabb                                    20     1   2  2  
 4 Dylan McIlrath           Ryan Ellis                                        10     1   2  2  

PowerPlay Forward 
   Center                   Left Wing                Right Wing               Time % Phy DF OF 
 1 Frans Nielsen            Kellan Lain              Vladimir Tarasenko       60     1   2  2  
 2 Michael Latta            Sergei Plotnikov         Rick Nash                40     1   2  2  

PowerPlay Defense
   Defense                  Defense                                           Time % Phy DF OF 
 1 Ryan Ellis               Yann Sauvé                                        60     1   2  2  
 2 Wes O'Neill              Nikita Zadorov                                    40     1   2  2  

Penalty Kill 4 Players Forward 
   Center                   Wing                     Time % Phy DF OF 
 1 Vladimir Tarasenko       Rick Nash                60     1   2  2  
 2 Frans Nielsen            Kellan Lain              40     1   2  2  

Penalty Kill 4 Players Defense
   Defense                  Defense                  Time % Phy DF OF 
 1 Ryan Ellis               Yann Sauvé               60     1   2  2  
 2 Wes O'Neill              Nikita Zadorov           40     1   2  2  

Penalty Kill - 3 Players Forward 
   Forward                                           Time % Phy DF OF 
 1 Vladimir Tarasenko                                60     1   2  2  
 2 Rick Nash                                         40     1   2  2  

Penalty Kill - 3 Players Defense
   Defense                  Defense                  Time % Phy DF OF 
 1 Ryan Ellis               Yann Sauvé               60     1   2  2  
 2 Wes O'Neill              Nikita Zadorov           40     1   2  2  

4 vs 4 Forward 
   Center                   Wing                     Time % Phy DF OF 
 1 Vladimir Tarasenko       Rick Nash                60     1   2  2  
 2 Frans Nielsen            Kellan Lain              40     1   2  2  

4 vs 4 Defense
   Defense                  Defense                  Time % Phy DF OF 
 1 Ryan Ellis               Yann Sauvé               60     1   2  2  
 2 Wes O'Neill              Nikita Zadorov           40     1   2  2  

Last Minutes Offensive
   Center                   Left Wing                Right Wing               Defense                  Defense                  
   Frans Nielsen            Kellan Lain              Vladimir Tarasenko       Ryan Ellis               Yann Sauvé               

Last Minutes Defensive
   Center                   Left Wing                Right Wing               Defense                  Defense                  
   Frans Nielsen            Kellan Lain              Vladimir Tarasenko       Ryan Ellis               Yann Sauvé               

Goaltenders
Starting : Marc-André Fleury        
Backup : Cam Ward                 

Extra Forwards
Normal : Melker Karlsson, Brock McGinn, Emerson Etem - PP : Melker Karlsson, Brock McGinn - PK : Emerson Etem
Extra Defensemen
Normal : Justin Falk, Brayden McNabb, Dylan McIlrath - PP : Justin Falk - PK : Brayden McNabb, Dylan McIlrath
Penalty Shots
Vladimir Tarasenko, Rick Nash, Frans Nielsen, Kellan Lain, Michael Latta

Scratches
Carl Klingberg (Healthy), Christian Fischer (Healthy), Pierre-Edouard Bellemare (Healthy)

% Time on Ice - Penguins

Lines # - Real PCT - Wanted PCT - Time Play
Normal Forward
1 - 35% - 40% - 16:05
2 - 26% - 30% - 11:56
3 - 25% - 20% - 11:34
4 - 15% - 10% - 6:59
Normal Defense
1 - 38% - 40% - 17:47
2 - 36% - 30% - 16:57
3 - 24% - 20% - 11:11
4 - 1% - 10% - 0:39
PP Forward
1 - 57% - 60% - 6:23
2 - 43% - 40% - 4:51
PP Defense
1 - 58% - 60% - 6:34
2 - 42% - 40% - 4:40
PK Forward
1 - 77% - 60% - 1:41
2 - 23% - 40% - 0:31
PK Defense
1 - 85% - 60% - 1:52
2 - 15% - 40% - 0:20
PK3 Forward
1 - 0% - 60%
2 - 0% - 40%
PK3 Defense
1 - 0% - 60%
2 - 0% - 40%
44 Forward
1 - 85% - 60% - 1:37
2 - 15% - 40% - 0:17
44 Defense
1 - 54% - 60% - 1:01
2 - 46% - 40% - 0:53
Last Minute Offensive  - 0:00
Last Minute Defensive  - 0:00
Total
Forward - 61:54
Defense - 61:54

% Time on Ice - Islanders

Lines # - Real PCT - Wanted PCT - Time Play
Normal Forward
1 - 34% - 40% - 15:51
2 - 31% - 30% - 14:13
3 - 26% - 20% - 12:04
4 - 10% - 10% - 4:26
Normal Defense
1 - 39% - 40% - 18:02
2 - 35% - 30% - 16:14
3 - 24% - 20% - 11:03
4 - 3% - 10% - 1:15
PP Forward
1 - 56% - 60% - 1:14
2 - 44% - 40% - 0:58
PP Defense
1 - 71% - 60% - 1:34
2 - 29% - 40% - 0:38
PK Forward
1 - 71% - 60% - 7:34
2 - 29% - 40% - 3:06
PK Defense
1 - 55% - 60% - 5:54
2 - 45% - 40% - 4:46
PK3 Forward
1 - 100% - 60% - 0:35
2 - 0% - 40% - 0:00
PK3 Defense
1 - 100% - 60% - 0:35
2 - 0% - 40% - 0:00
44 Forward
1 - 86% - 60% - 1:37
2 - 14% - 40% - 0:16
44 Defense
1 - 68% - 60% - 1:17
2 - 32% - 40% - 0:36
Last Minute Offensive  - 0:00
Last Minute Defensive  - 0:00
Total
Forward - 61:54
Defense - 61:54

Play-by-Play

1st period


0:01 of 1st period - Anze Kopitar wins face-off versus Frans Nielsen in neutral zone.
0:36 of 1st period - Wrist shot by Derek Stepan.
0:36 of 1st period - Deflect By Brendan Gallagher.
0:36 of 1st period - Shot Blocked by Yann Sauvé.
0:36 of 1st period - Puck is out of play.
0:37 of 1st period - Max Reinhart wins face-off versus Brock McGinn in Islanders zone.
0:50 of 1st period - Wrist shot by Timo Meier.
0:50 of 1st period - Stopped by Marc-André Fleury without a rebound.
0:51 of 1st period - Sebastian Aho wins face-off versus Vladimir Tarasenko in Islanders zone.
0:54 of 1st period - Snap shot by Cal Clutterbuck.
0:54 of 1st period - Shot Misses the Net.
0:56 of 1st period - Wrist shot by Cal Clutterbuck.
0:56 of 1st period - Shot Misses the Net.
1:04 of 1st period - Wrist shot by Sebastian Aho.
1:04 of 1st period - Stopped by Marc-André Fleury with a rebound.
1:18 of 1st period - Marcus Johansson is hit by Michael Latta and loses puck.
1:27 of 1st period - Slapshot by Anze Kopitar.
1:27 of 1st period - Shot Misses the Net.
1:43 of 1st period - Snap shot by Brock McGinn.
1:43 of 1st period - Stopped by Andrei Vasilevskiy without a rebound.
1:44 of 1st period - Frans Nielsen wins face-off versus Max Reinhart in Penguins zone.
1:55 of 1st period - Snap shot by Timo Meier.
1:55 of 1st period - Deflect By Max Reinhart.
1:55 of 1st period - Stopped by Marc-André Fleury with a rebound.
1:57 of 1st period - Slapshot by Danny DeKeiser.
1:57 of 1st period - Shot Misses the Net.
2:25 of 1st period - Minor Penalty to Rick Nash for Holding Stick.
2:26 of 1st period - Anze Kopitar wins face-off versus Vladimir Tarasenko in Islanders zone.
2:29 of 1st period - Wrist shot by Marcus Johansson.
2:29 of 1st period - Deflect By Anze Kopitar.
2:29 of 1st period - Shot Misses the Net.
2:29 of 1st period - Puck is out of play.
2:30 of 1st period - Vladimir Tarasenko wins face-off versus Anze Kopitar in Islanders zone.
4:25 of 1st period - Penalty to Rick Nash is over, Rick Nash is back on ice.
4:42 of 1st period - Justin Falk is hit by Cal Clutterbuck and loses puck.
4:53 of 1st period - JT Compher is hit by Craig Smith and loses puck.
5:54 of 1st period - Minor Penalty to Michael Latta for Hooking.
5:55 of 1st period - Anze Kopitar wins face-off versus Frans Nielsen in Islanders zone.
7:54 of 1st period - Penalty to Michael Latta is over, Michael Latta is back on ice.
8:15 of 1st period - Icing by Ryan Ellis.
8:16 of 1st period - Max Reinhart wins face-off versus Emerson Etem in Islanders zone.
8:37 of 1st period - Snap shot by Timo Meier.
8:37 of 1st period - Deflect By Max Reinhart.
8:37 of 1st period - Stopped by Marc-André Fleury with a rebound.
8:39 of 1st period - Slapshot by Oscar Klefbom.
8:39 of 1st period - Stopped by Marc-André Fleury without a rebound.
8:40 of 1st period - Max Reinhart wins face-off versus Frans Nielsen in Islanders zone.
9:08 of 1st period - Slapshot by Vladimir Tarasenko.
9:08 of 1st period - Shot Misses the Net.
9:41 of 1st period - Vladimir Tarasenko is hit by Brandon Tanev and loses puck.
9:50 of 1st period - Slapshot by Brendan Gallagher.
9:50 of 1st period - Stopped by Marc-André Fleury without a rebound.
9:51 of 1st period - Anze Kopitar wins face-off versus Craig Smith in Islanders zone.
9:54 of 1st period - Snap shot by Marcus Foligno.
9:54 of 1st period - Shot Blocked by Yann Sauvé.
9:56 of 1st period - Minor Penalty to Craig Smith for Holding.
9:57 of 1st period - Vladimir Tarasenko wins face-off versus Brendan Gallagher in Islanders zone.
11:33 of 1st period - Anze Kopitar is hit by Vladimir Tarasenko and loses puck.
11:52 of 1st period - Keith Aulie is hit by Kellan Lain and loses puck.
11:56 of 1st period - Penalty to Craig Smith is over, Craig Smith is back on ice.
12:09 of 1st period - Wrist shot by Melker Karlsson.
12:09 of 1st period - Deflect By Danny DeKeiser.
12:09 of 1st period - Stopped by Andrei Vasilevskiy with a rebound.
12:31 of 1st period - Snap shot by Sebastian Aho.
12:31 of 1st period - Stopped by Marc-André Fleury without a rebound.
12:32 of 1st period - Melker Karlsson wins face-off versus Max Reinhart in Islanders zone.
12:57 of 1st period - Marcus Foligno is hit by Ryan Ellis and loses puck.
13:21 of 1st period - Wrist shot by Brendan Gallagher.
13:21 of 1st period - Stopped by Marc-André Fleury with a rebound.
13:31 of 1st period - Nick Leddy is hit by Melker Karlsson and loses puck.
13:40 of 1st period - Wrist shot by Sebastian Aho.
13:40 of 1st period - Shot Misses the Net.
13:47 of 1st period - Icing by Justin Falk.
13:48 of 1st period - Michael Latta wins face-off versus Max Reinhart in Islanders zone.
13:57 of 1st period - Slapshot by Rick Nash.
13:57 of 1st period - Shot Misses the Net.
14:13 of 1st period - Yann Sauvé is hit by Anze Kopitar.
14:45 of 1st period - Snap shot by Anze Kopitar.
14:45 of 1st period - Shot Misses the Net.
14:47 of 1st period - Wrist shot by Danny DeKeiser.
14:47 of 1st period - Stopped by Marc-André Fleury with a rebound.
14:49 of 1st period - Snap shot by Marcus Foligno.
14:49 of 1st period - Stopped by Marc-André Fleury without a rebound.
14:50 of 1st period - Frans Nielsen wins face-off versus Derek Stepan in Islanders zone.
15:15 of 1st period - Justin Schultz is hit by Michael Latta and loses puck.
15:34 of 1st period - Nick Leddy is hit by Melker Karlsson and loses puck.
15:45 of 1st period - Yann Sauvé is hit by Pavel Zacha and loses puck.
16:02 of 1st period - Ryan Ellis is hit by Danny DeKeiser and loses puck.
16:55 of 1st period - Marcus Foligno is hit by Brock McGinn.
17:01 of 1st period - Nikita Zadorov is hit by Marcus Foligno.
17:19 of 1st period - Wrist shot by Cal Clutterbuck.
17:19 of 1st period - Stopped by Marc-André Fleury with a rebound.
17:45 of 1st period - Derek Stepan is hit by Rick Nash and loses puck.
17:56 of 1st period - Oscar Klefbom is hit by Melker Karlsson.
18:15 of 1st period - Slapshot by Marcus Johansson.
18:15 of 1st period - Stopped by Marc-André Fleury with a rebound.
18:17 of 1st period - Wrist shot by Marcus Johansson.
18:17 of 1st period - Shot Misses the Net.
19:11 of 1st period - Snap shot by Pavel Zacha.
19:11 of 1st period - Shot Misses the Net.
19:13 of 1st period - Wrist shot by Cal Clutterbuck.
19:13 of 1st period - Stopped by Marc-André Fleury with a rebound.
19:56 of 1st period - Icing by Kellan Lain.
19:57 of 1st period - Frans Nielsen wins face-off versus Anze Kopitar in Islanders zone.
Goals for this period are 0 for Penguins vs 0 for Islanders.
Shots for this period are 13 for Penguins vs 2 for Islanders.

2nd period


0:01 of 2nd period - Anze Kopitar wins face-off versus Frans Nielsen in neutral zone.
0:16 of 2nd period - Wrist shot by Vladimir Tarasenko.
0:16 of 2nd period - Shot Misses the Net.
0:28 of 2nd period - Yann Sauvé is hit by Danny DeKeiser and loses puck.
1:12 of 2nd period - Wrist shot by Marcus Johansson.
1:12 of 2nd period - Shot Blocked by Wes O'Neill.
1:14 of 2nd period - Wrist shot by Marcus Johansson.
1:14 of 2nd period - Stopped by Marc-André Fleury with a rebound.
1:45 of 2nd period - Snap shot by Justin Schultz.
1:45 of 2nd period - Shot Blocked by Justin Falk.
2:05 of 2nd period - Wrist shot by Frans Nielsen.
2:05 of 2nd period - Shot Misses the Net.
2:28 of 2nd period - Icing by Nick Leddy.
2:29 of 2nd period - Marcus Foligno wins face-off versus Vladimir Tarasenko in Penguins zone.
2:29 of 2nd period - Marcus Foligno is hit by Vladimir Tarasenko.
2:43 of 2nd period - Snap shot by Anze Kopitar.
2:43 of 2nd period - Stopped by Marc-André Fleury with a rebound.
2:45 of 2nd period - Wrist shot by Anze Kopitar.
2:45 of 2nd period - Stopped by Marc-André Fleury with a rebound.
2:58 of 2nd period - Off-side.
2:59 of 2nd period - Max Reinhart wins face-off versus Rick Nash in neutral zone.
3:36 of 2nd period - Wrist shot by Melker Karlsson.
3:36 of 2nd period - Shot Misses the Net.
3:48 of 2nd period - Wrist shot by Frans Nielsen.
3:48 of 2nd period - Stopped by Andrei Vasilevskiy without a rebound.
3:49 of 2nd period - Marcus Johansson wins face-off versus Frans Nielsen in Penguins zone.
4:04 of 2nd period - Backhand shot by Ryan Ellis.
4:04 of 2nd period - Shot Blocked by Justin Schultz.
5:11 of 2nd period - Slapshot by Frans Nielsen.
5:11 of 2nd period - Deflect By Kellan Lain.
5:11 of 2nd period - Stopped by Andrei Vasilevskiy without a rebound.
5:12 of 2nd period - Anze Kopitar wins face-off versus Vladimir Tarasenko in Penguins zone.
5:12 of 2nd period - Anze Kopitar is hit by Yann Sauvé.
5:24 of 2nd period - Snap shot by Anze Kopitar.
5:24 of 2nd period - Shot Misses the Net.
5:26 of 2nd period - Slapshot by Anze Kopitar.
5:26 of 2nd period - Stopped by Marc-André Fleury with a rebound.
5:28 of 2nd period - Slapshot by Danny DeKeiser.
5:28 of 2nd period - Shot Misses the Net.
5:45 of 2nd period - Slapshot by Michael Latta.
5:45 of 2nd period - Shot Misses the Net.
5:47 of 2nd period - Wrist shot by Sergei Plotnikov.
5:47 of 2nd period - Stopped by Andrei Vasilevskiy without a rebound.
5:48 of 2nd period - Michael Latta wins face-off versus Anze Kopitar in Penguins zone.
5:49 of 2nd period - Slapshot by Rick Nash.
5:49 of 2nd period - Stopped by Andrei Vasilevskiy without a rebound.
5:50 of 2nd period - Michael Latta wins face-off versus Anze Kopitar in Penguins zone.
6:23 of 2nd period - Slapshot by Vladimir Tarasenko.
6:23 of 2nd period - Deflect By Frans Nielsen.
6:23 of 2nd period - Shot Blocked by Brendan Gallagher.
6:23 of 2nd period - Puck is out of play.
6:24 of 2nd period - Frans Nielsen wins face-off versus Anze Kopitar in Penguins zone.
6:27 of 2nd period - Snap shot by Vladimir Tarasenko.
6:27 of 2nd period - Shot Misses the Net.
6:29 of 2nd period - Snap shot by Frans Nielsen.
6:29 of 2nd period - Stopped by Andrei Vasilevskiy with a rebound.
6:31 of 2nd period - Snap shot by Yann Sauvé.
6:31 of 2nd period - Stopped by Andrei Vasilevskiy with a rebound.
6:33 of 2nd period - Wrist shot by Frans Nielsen.
6:33 of 2nd period - Shot Misses the Net.
6:51 of 2nd period - Slapshot by Michael Latta.
6:51 of 2nd period - Stopped by Andrei Vasilevskiy with a rebound.
7:14 of 2nd period - Icing by Justin Falk.
7:15 of 2nd period - Max Reinhart wins face-off versus Melker Karlsson in Islanders zone.
7:25 of 2nd period - Off-side.
7:26 of 2nd period - Anze Kopitar wins face-off versus Frans Nielsen in neutral zone.
7:28 of 2nd period - Off-side.
7:29 of 2nd period - Anze Kopitar wins face-off versus Frans Nielsen in neutral zone.
8:37 of 2nd period - Danny DeKeiser is hit by Emerson Etem.
9:19 of 2nd period - Wrist shot by Brendan Gallagher.
9:19 of 2nd period - Deflect By Brandon Tanev.
9:19 of 2nd period - Shot Misses the Net.
9:19 of 2nd period - Puck is out of play.
9:20 of 2nd period - Melker Karlsson wins face-off versus Derek Stepan in Islanders zone.
9:20 of 2nd period - Melker Karlsson is hit by Justin Schultz.
9:25 of 2nd period - Yann Sauvé is hit by Oscar Klefbom and loses puck.
9:46 of 2nd period - Yann Sauvé is hit by Anze Kopitar and loses puck.
10:09 of 2nd period - Wrist shot by Max Reinhart.
10:09 of 2nd period - Shot Misses the Net.
10:20 of 2nd period - Max Reinhart is hit by Nikita Zadorov and loses puck.
10:38 of 2nd period - Minor Penalty to Danny DeKeiser for Interference.
10:39 of 2nd period - Anze Kopitar wins face-off versus Frans Nielsen in Penguins zone.
11:05 of 2nd period - Cal Clutterbuck is hit by Sergei Plotnikov and loses puck.
11:28 of 2nd period - Marcus Foligno is hit by Vladimir Tarasenko and loses puck.
11:43 of 2nd period - Sergei Plotnikov is hit by Ben Lovejoy and loses puck.
12:38 of 2nd period - Penalty to Danny DeKeiser is over, Danny DeKeiser is back on ice.
12:46 of 2nd period - Wrist shot by Brock McGinn.
12:46 of 2nd period - Stopped by Andrei Vasilevskiy with a rebound.
12:48 of 2nd period - Slapshot by Craig Smith.
12:48 of 2nd period - Shot Blocked by Anze Kopitar.
12:50 of 2nd period - Snap shot by Brock McGinn.
12:50 of 2nd period - Stopped by Andrei Vasilevskiy without a rebound.
12:51 of 2nd period - Melker Karlsson wins face-off versus Derek Stepan in Penguins zone.
12:52 of 2nd period - Wrist shot by Craig Smith.
12:52 of 2nd period - Goal by Craig Smith - Penguins : 0 - Islanders : 1.
12:53 of 2nd period - Frans Nielsen wins face-off versus Anze Kopitar in neutral zone.
12:58 of 2nd period - Snap shot by Frans Nielsen.
12:58 of 2nd period - Shot Hit the Post.
13:00 of 2nd period - Backhand shot by Nikita Zadorov.
13:00 of 2nd period - Stopped by Andrei Vasilevskiy without a rebound.
13:01 of 2nd period - Marcus Foligno wins face-off versus Frans Nielsen in Penguins zone.
13:03 of 2nd period - Minor Penalty to Anze Kopitar for Interference.
13:04 of 2nd period - Frans Nielsen wins face-off versus Derek Stepan in Penguins zone.
13:10 of 2nd period - Wrist shot by Vladimir Tarasenko.
13:10 of 2nd period - Shot Misses the Net.
13:12 of 2nd period - Wrist shot by Kellan Lain.
13:12 of 2nd period - Shot Misses the Net.
13:14 of 2nd period - Snap shot by Kellan Lain.
13:14 of 2nd period - Stopped by Andrei Vasilevskiy with a rebound.
13:16 of 2nd period - Wrist shot by Kellan Lain.
13:16 of 2nd period - Goal by Kellan Lain - Penguins : 0 - Islanders : 2.
13:17 of 2nd period - Anze Kopitar wins face-off versus Frans Nielsen in neutral zone.
13:17 of 2nd period - Anze Kopitar is hit by Frans Nielsen.
13:29 of 2nd period - Snap shot by Marcus Foligno.
13:29 of 2nd period - Shot Misses the Net.
13:45 of 2nd period - Snap shot by Vladimir Tarasenko.
13:45 of 2nd period - Stopped by Andrei Vasilevskiy without a rebound.
13:46 of 2nd period - Sergei Plotnikov wins face-off versus Brandon Tanev in Penguins zone.
13:49 of 2nd period - Wrist shot by Rick Nash.
13:49 of 2nd period - Shot Blocked by Brendan Gallagher.
13:59 of 2nd period - Derek Stepan is hit by Wes O'Neill and loses puck.
14:20 of 2nd period - Yann Sauvé is hit by Justin Schultz and loses puck.
14:23 of 2nd period - Slapshot by Yann Sauvé.
14:23 of 2nd period - Deflect By Oscar Klefbom.
14:23 of 2nd period - Stopped by Andrei Vasilevskiy with a rebound.
14:42 of 2nd period - Minor Penalty to Craig Smith for Holding.
14:43 of 2nd period - Vladimir Tarasenko wins face-off versus Anze Kopitar in Islanders zone.
14:54 of 2nd period - Ryan Ellis is hit by Anze Kopitar and loses puck.
16:42 of 2nd period - Penalty to Craig Smith is over, Craig Smith is back on ice.
16:53 of 2nd period - Slapshot by Cal Clutterbuck.
16:53 of 2nd period - Stopped by Marc-André Fleury with a rebound.
16:57 of 2nd period - Wrist shot by Cal Clutterbuck.
16:57 of 2nd period - Stopped by Marc-André Fleury without a rebound.
16:58 of 2nd period - Michael Latta wins face-off versus Cal Clutterbuck in Islanders zone.
16:58 of 2nd period - Minor Penalty to Rick Nash for Interference.
16:59 of 2nd period - Vladimir Tarasenko wins face-off versus Anze Kopitar in Islanders zone.
17:52 of 2nd period - Brendan Gallagher is hit by Frans Nielsen and loses puck.
18:11 of 2nd period - Minor Penalty to Ryan Ellis for Hooking.
18:12 of 2nd period - Vladimir Tarasenko wins face-off versus Marcus Johansson in Islanders zone.
18:29 of 2nd period - Icing by Marcus Johansson.
18:30 of 2nd period - Anze Kopitar wins face-off versus Vladimir Tarasenko in Penguins zone.
18:45 of 2nd period - Slapshot by Derek Stepan.
18:45 of 2nd period - Goal by Derek Stepan - Penguins : 1 - Islanders : 2.
18:46 of 2nd period - Anze Kopitar wins face-off versus Vladimir Tarasenko in neutral zone.
19:13 of 2nd period - Rick Nash is hit by Derek Stepan and loses puck.
19:20 of 2nd period - Wrist shot by Derek Stepan.
19:20 of 2nd period - Stopped by Marc-André Fleury without a rebound.
19:21 of 2nd period - Anze Kopitar wins face-off versus Frans Nielsen in Islanders zone.
Goals for this period are 1 for Penguins vs 2 for Islanders.
Shots for this period are 8 for Penguins vs 15 for Islanders.

3rd period


0:01 of 3rd period - Anze Kopitar wins face-off versus Vladimir Tarasenko in neutral zone.
0:11 of 3rd period - Penalty to Ryan Ellis is over, Ryan Ellis is back on ice.
1:02 of 3rd period - Wrist shot by Keith Aulie.
1:02 of 3rd period - Stopped by Marc-André Fleury with a rebound.
1:04 of 3rd period - Slapshot by Keith Aulie.
1:04 of 3rd period - Stopped by Marc-André Fleury with a rebound.
1:06 of 3rd period - Slapshot by Danny DeKeiser.
1:06 of 3rd period - Stopped by Marc-André Fleury with a rebound.
1:08 of 3rd period - Slapshot by Danny DeKeiser.
1:08 of 3rd period - Stopped by Marc-André Fleury with a rebound.
1:28 of 3rd period - Slapshot by Derek Stepan.
1:28 of 3rd period - Shot Blocked by Brock McGinn.
1:30 of 3rd period - Snap shot by Brandon Tanev.
1:30 of 3rd period - Shot Blocked by Nikita Zadorov.
1:40 of 3rd period - Brock McGinn is hit by Timo Meier and loses puck.
2:03 of 3rd period - Snap shot by Brock McGinn.
2:03 of 3rd period - Shot Blocked by Nick Leddy.
2:05 of 3rd period - Slapshot by Nikita Zadorov.
2:05 of 3rd period - Shot Misses the Net.
2:07 of 3rd period - Snap shot by Melker Karlsson.
2:07 of 3rd period - Stopped by Andrei Vasilevskiy with a rebound.
2:09 of 3rd period - Slapshot by Wes O'Neill.
2:09 of 3rd period - Shot Misses the Net.
2:11 of 3rd period - Wrist shot by Brock McGinn.
2:11 of 3rd period - Shot Misses the Net.
2:13 of 3rd period - Snap shot by Nikita Zadorov.
2:13 of 3rd period - Stopped by Andrei Vasilevskiy with a rebound.
2:28 of 3rd period - Slapshot by Brock McGinn.
2:28 of 3rd period - Stopped by Andrei Vasilevskiy with a rebound.
2:30 of 3rd period - Snap shot by Nikita Zadorov.
2:30 of 3rd period - Shot Misses the Net.
2:38 of 3rd period - Snap shot by Craig Smith.
2:38 of 3rd period - Stopped by Andrei Vasilevskiy without a rebound.
2:39 of 3rd period - Anze Kopitar wins face-off versus Frans Nielsen in Penguins zone.
2:50 of 3rd period - Marcus Foligno is hit by Frans Nielsen.
2:59 of 3rd period - Icing by Anze Kopitar.
3:00 of 3rd period - Anze Kopitar wins face-off versus Michael Latta in Penguins zone.
3:09 of 3rd period - Slapshot by Rick Nash.
3:09 of 3rd period - Shot Misses the Net.
3:15 of 3rd period - Rick Nash is hit by Justin Schultz and loses puck.
3:22 of 3rd period - Slapshot by Anze Kopitar.
3:22 of 3rd period - Shot Blocked by Michael Latta.
3:38 of 3rd period - Snap shot by Anze Kopitar.
3:38 of 3rd period - Deflect By Marcus Foligno.
3:38 of 3rd period - Stopped by Marc-André Fleury with a rebound.
3:52 of 3rd period - Wrist shot by Marcus Foligno.
3:52 of 3rd period - Shot Blocked by Michael Latta.
3:54 of 3rd period - Snap shot by Marcus Johansson.
3:54 of 3rd period - Goal by Marcus Johansson - Penguins : 2 - Islanders : 2.
3:55 of 3rd period - Frans Nielsen wins face-off versus Derek Stepan in neutral zone.
4:47 of 3rd period - Timo Meier is hit by Emerson Etem and loses puck.
5:08 of 3rd period - Slapshot by Rick Nash.
5:08 of 3rd period - Deflect By Michael Latta.
5:08 of 3rd period - Shot Misses the Net.
5:08 of 3rd period - Puck is out of play.
5:09 of 3rd period - Anze Kopitar wins face-off versus Michael Latta in Penguins zone.
5:35 of 3rd period - Derek Stepan is hit by Kellan Lain and loses puck.
6:07 of 3rd period - Off-side.
6:08 of 3rd period - Michael Latta wins face-off versus Anze Kopitar in neutral zone.
6:11 of 3rd period - Slapshot by Wes O'Neill.
6:11 of 3rd period - Stopped by Andrei Vasilevskiy with a rebound.
6:13 of 3rd period - Slapshot by Wes O'Neill.
6:13 of 3rd period - Deflect By Rick Nash.
6:13 of 3rd period - Goal by Rick Nash - Penguins : 2 - Islanders : 3.
6:14 of 3rd period - Anze Kopitar wins face-off versus Frans Nielsen in neutral zone.
6:55 of 3rd period - Wrist shot by Kellan Lain.
6:55 of 3rd period - Stopped by Andrei Vasilevskiy with a rebound.
6:57 of 3rd period - Snap shot by Frans Nielsen.
6:57 of 3rd period - Shot Misses the Net.
6:59 of 3rd period - Slapshot by Wes O'Neill.
6:59 of 3rd period - Stopped by Andrei Vasilevskiy without a rebound.
7:00 of 3rd period - Michael Latta wins face-off versus Anze Kopitar in Penguins zone.
7:01 of 3rd period - Wrist shot by Sergei Plotnikov.
7:01 of 3rd period - Shot Misses the Net.
7:07 of 3rd period - Michael Latta is hit by Marcus Foligno and loses puck.
7:16 of 3rd period - Wrist shot by Marcus Johansson.
7:16 of 3rd period - Shot Misses the Net.
8:01 of 3rd period - Snap shot by Timo Meier.
8:01 of 3rd period - Shot Misses the Net.
8:53 of 3rd period - Icing by Brayden McNabb.
8:54 of 3rd period - Frans Nielsen wins face-off versus Derek Stepan in Islanders zone.
9:25 of 3rd period - Michael Latta is hit by Anze Kopitar and loses puck.
10:58 of 3rd period - Wrist shot by Marcus Foligno.
10:58 of 3rd period - Shot Blocked by Wes O'Neill.
11:00 of 3rd period - Snap shot by Marcus Foligno.
11:00 of 3rd period - Stopped by Marc-André Fleury with a rebound.
11:38 of 3rd period - Brandon Tanev is hit by Andrew Shaw and loses puck.
11:51 of 3rd period - Snap shot by Timo Meier.
11:51 of 3rd period - Stopped by Marc-André Fleury without a rebound.
11:52 of 3rd period - Frans Nielsen wins face-off versus Max Reinhart in Islanders zone.
12:41 of 3rd period - Brayden McNabb is hit by Brandon Tanev.
13:25 of 3rd period - Snap shot by Marcus Johansson.
13:25 of 3rd period - Shot Misses the Net.
13:27 of 3rd period - Snap shot by Marcus Foligno.
13:27 of 3rd period - Stopped by Marc-André Fleury without a rebound.
13:28 of 3rd period - Anze Kopitar wins face-off versus Michael Latta in Islanders zone.
14:43 of 3rd period - Wrist shot by Ryan Ellis.
14:43 of 3rd period - Stopped by Andrei Vasilevskiy without a rebound.
14:44 of 3rd period - Frans Nielsen wins face-off versus Anze Kopitar in Penguins zone.
15:37 of 3rd period - Icing by Oscar Klefbom.
15:38 of 3rd period - Max Reinhart wins face-off versus Frans Nielsen in Penguins zone.
15:38 of 3rd period - Max Reinhart is hit by Justin Falk.
15:44 of 3rd period - Wrist shot by JT Compher.
15:44 of 3rd period - Stopped by Marc-André Fleury with a rebound.
15:46 of 3rd period - Minor Penalty to Kellan Lain for Interference.
15:47 of 3rd period - Anze Kopitar wins face-off versus Vladimir Tarasenko in Islanders zone.
15:50 of 3rd period - Wrist shot by Brendan Gallagher.
15:50 of 3rd period - Stopped by Marc-André Fleury with a rebound.
15:52 of 3rd period - Snap shot by Brendan Gallagher.
15:52 of 3rd period - Goal by Brendan Gallagher - Penguins : 3 - Islanders : 3.
15:53 of 3rd period - Vladimir Tarasenko wins face-off versus Anze Kopitar in neutral zone.
16:20 of 3rd period - Ryan Ellis is hit by Danny DeKeiser and loses puck.
16:51 of 3rd period - Slapshot by Brock McGinn.
16:51 of 3rd period - Stopped by Andrei Vasilevskiy with a rebound.
17:37 of 3rd period - Justin Schultz is hit by Nikita Zadorov and loses puck.
17:58 of 3rd period - Slapshot by Craig Smith.
17:58 of 3rd period - Shot Misses the Net.
18:12 of 3rd period - Danny DeKeiser is hit by Frans Nielsen and loses puck.
18:25 of 3rd period - Slapshot by JT Compher.
18:25 of 3rd period - Stopped by Marc-André Fleury with a rebound.
18:37 of 3rd period - Slapshot by Ben Lovejoy.
18:37 of 3rd period - Shot Misses the Net.
19:29 of 3rd period - Anze Kopitar is hit by Brock McGinn.
19:55 of 3rd period - Slapshot by Brayden McNabb.
19:55 of 3rd period - Deflect By Brock McGinn.
19:55 of 3rd period - Shot Hit the Post.
19:55 of 3rd period - Puck is out of play.
19:56 of 3rd period - Vladimir Tarasenko wins face-off versus Derek Stepan in Penguins zone.
19:57 of 3rd period - Slapshot by Frans Nielsen.
19:57 of 3rd period - Stopped by Andrei Vasilevskiy without a rebound.
19:58 of 3rd period - Frans Nielsen wins face-off versus Derek Stepan in Penguins zone.
Goals for this period are 2 for Penguins vs 1 for Islanders.
Shots for this period are 13 for Penguins vs 11 for Islanders.

Overtime #1


0:01 of 1st overtime period - Vladimir Tarasenko wins face-off versus Anze Kopitar in neutral zone.
0:54 of 1st overtime period - Slapshot by Frans Nielsen.
0:54 of 1st overtime period - Stopped by Andrei Vasilevskiy without a rebound.
0:55 of 1st overtime period - Anze Kopitar wins face-off versus Vladimir Tarasenko in Penguins zone.
1:30 of 1st overtime period - Wrist shot by Oscar Klefbom.
1:30 of 1st overtime period - Deflect By Marcus Johansson.
1:30 of 1st overtime period - Stopped by Marc-André Fleury without a rebound.
1:31 of 1st overtime period - Marcus Johansson wins face-off versus Melker Karlsson in Islanders zone.
1:40 of 1st overtime period - Wrist shot by Marcus Johansson.
1:40 of 1st overtime period - Shot Misses the Net.
1:52 of 1st overtime period - Minor Penalty to Ryan Ellis for Holding.
1:53 of 1st overtime period - Anze Kopitar wins face-off versus Vladimir Tarasenko in Islanders zone.
1:54 of 1st overtime period - Wrist shot by Brendan Gallagher.
1:54 of 1st overtime period - Deflect By Yann Sauvé.
1:54 of 1st overtime period - Goal by Brendan Gallagher - Penguins : 4 - Islanders : 3.
Goals for this period are 1 for Penguins vs 0 for Islanders.
Shots for this period are 2 for Penguins vs 1 for Islanders.